cohdb
Replays
Latest Replays
All Replays
Popular Replays
Top Player Replays
Match Explorer
How It Works
Community
CoH3 Stats
Reddit
Sign in to upload your games and track your stats! →
Sign in with Steam
Match 45250520
Unlisted
Match 45250520
Overview
Messages
Build Orders
End
Panzergrenadier Squad
250 Light Carrier
Panzerpioneer Squad
Construct Light Support Kompanie
Construct Mechanized Kompanie
254 Reconnaissance Tractor
Selects Panzerjäger Kommand Battlegroup
Selects Mine Fields
Selects Tank Busters
Panzerjäger Mechanized Group
Combat Half-tracks
2.5-tonne Medical Truck
Construct Panzerarmee Kommand
Vehicle Survival Package
Emergency Repair Kits
Walking Stuka Rocket Launcher
Armored Reserves
Rapid Advance
Tungsten Core Ammunition
Panzerpioneer Squad
Panzer IV Assault Group
Selects Crew Shock Tactics
Selects Anti-tank Overwatch
Anti-tank Overwatch
Panzer III L Medium Tank
Selects Defensive Positions
Panzer III L Medium Tank
Panzer IV Assault Group
Crew Shock Tactics
Anti-tank Overwatch
Panzerpioneer Squad
Phteven
TheNounou
vincent
gAtoR45
我將點燃大海
Grubby丶M
Stas
Kannamix
0
0
Comments
sign in to comment!
No comments posted yet!